 Dungeon Crawl Stone Soup version 0.29-a0-334-gb41bcbb86e (webtiles) character file.

Game seed: 14528906702203537709

42 HendSelp the Twirler (level 3, -3/27 HPs)
             Began as a Human Gladiator on Apr 13, 2022.
             Slain by a gnoll
             ... wielding a +0 spear
              (6 damage)
             ... on level 2 of the Dungeon.
             The game lasted 00:01:07 (1525 turns).

HendSelp the Twirler (Human Gladiator)              Turns: 1525, Time: 00:01:07

Health: -3/27      AC: 12    Str: 16    XL:     3   Next: 80%
Magic:  2/3        EV:  5    Int:  8    God:
Gold:   52         SH:  0    Dex: 14    Spells: 2/2 levels left

rFire   . . .      SeeInvis .   a - +0 quarterstaff
rCold   . . .      Faith    .   (shield currently unavailable)
rNeg    . . .      Spirit   .   f - +1 plate armour
rPois   .          Reflect  .   c - +0 helmet
rElec   .          Harm     .   (no cloak)
rCorr   .          Rampage  .   (no gloves)
Will    .....                   (no boots)
Stlth   ..........              (no amulet)
HPRegen 0.09/turn               (no ring)
MPRegen 0.08/turn               (no ring)

@: no status effects
A: no striking features
a: no special abilities


You were on level 2 of the Dungeon.
You visited 1 branch of the dungeon, and saw 2 of its levels.

You collected 52 gold pieces.

Inventory:

Hand Weapons
 a - a +0 quarterstaff (weapon)
Missiles
 d - 2 throwing nets (quivered)
 e - a javelin
Armour
 c - a +0 helmet (worn)
 f - a +1 plate armour (worn)
Potions
 j - a potion of might {unknown}
 k - a potion of resistance {unknown}
 l - a potion of flight


   Skills:
 * Level 2.3 Fighting
 * Level 3.6 Staves
 - Level 2.0 Throwing
 * Level 1.2 Armour
 * Level 3.3 Dodging


You had 2 spell levels left.
You didn't know any spells.
Your spell library was empty.

Dungeon Overview and Level Annotations

Branches:
Dungeon (2/15)

Altars:


Message History

Throw: 3 throwing nets
Press: ? - help, Q - select action, (/) - cycle Shift-Dir - straight line, f - gnoll
Aim: a gnoll, wielding a +0 antimagic spear (64% to hit)
You throw a throwing net. The throwing net hits the gnoll.
The gnoll is caught in the net!
The bat hits you but does no damage.
The gnoll struggles against the net.
The gnoll barely misses you.
You sock the gnoll!
The gnoll is severely wounded.
The gnoll struggles against the net.
The gnoll hits you from afar with a +0 spear.
The bat hits you but does no damage.
You thump the gnoll!
You kill the gnoll!
The bat barely misses you. The gnoll hits you but does no damage.
The gnoll hits you from afar with a +0 spear.
* * * LOW HITPOINT WARNING * * *
The gnoll hits you but does no damage. The bat barely misses you.
Things that are here:
a +0 antimagic spear; a throwing net; a gnoll corpse You hit the gnoll but do no damage.
The bat hits you but does no damage. x2
The gnoll hits you with a +0 spear.
* * * LOW HITPOINT WARNING * * *
You hit the gnoll but do no damage. The bat hits you but does no damage.
The gnoll hits you but does no damage.
You sock the gnoll!
The gnoll is severely wounded.
The bat hits you but does no damage. The gnoll hits you with a +0 spear.
* * * LOW HITPOINT WARNING * * *
The bat hits you but does no damage.
You closely miss the gnoll.
The gnoll is severely wounded.
The bat hits you.
* * * LOW HITPOINT WARNING * * *
The bat hits you but does no damage. x2; The gnoll hits you but does no damage.
You closely miss the gnoll.
The gnoll is severely wounded.
The bat barely misses you. The bat hits you but does no damage.
The gnoll hits you with a +0 spear.
You die...

# ... ###$..#
######.......
#.b@grr.#
#.####..# #<#
..... #.#
..#### #.#
..# #.. ...
### ####


You could see a gnoll, a bat and 2 rats.

Vanquished Creatures
  2 gnolls (D:2)
  2 ball pythons (D:1)
  2 endoplasms (D:1)
  A giant cockroach (D:1)
  2 goblins (D:1)
  4 hobgoblins (D:1)
  A quokka (D:1)
  2 bats (D:1)
  3 frilled lizards (D:1)
  3 kobolds (D:1)
  A rat (D:1)
23 creatures vanquished.

Notes
Turn   | Place    | Note
-------+----------+-------------------------------------------
     0 | D:1      | HendSelp the Human Gladiator began the quest for the Orb.
     0 | D:1      | Reached XP level 1. HP: 16/16 MP: 1/1
   230 | D:1      | Reached XP level 2. HP: 21/22 MP: 2/2
   311 | D:1      | Found a faded altar of an unknown god.
  1330 | D:1      | Reached XP level 3. HP: 27/27 MP: 3/3
  1511 | D:2      | Reached skill level 1 in Armour
  1525 | D:2      | Slain by a gnoll

Illustrated notes

Levels and vault maps discovered:
D:1:      evilmike_arrival_plus, layout_basic, chequers_ecumenical_altar_grove
D:2:      layout_loops_cross, serial_glass, glass_columns_a, glass_columns_b,
          uniq_jessica, uniq_terence

Skill      XL: |  1  2  3 |
---------------+----------+-----
Armour         | 1 |  1.2
Fighting       | |  2.3
Staves         | |  3.6
Throwing       | |  2.0
Dodging        | |  3.3

Action                   || total
-------------------------++-------
Melee: Quarterstaff      ||    64
Throw: Throwing net      ||     1
  Use: Potion            ||     2
       Scroll            ||     4
Armor: Plate armour      ||    67
Dodge: Dodged            ||    21

Table legend: (Time is in decaauts)
 A = Elapsed time spent in this place.
 B = Non-inter-level travel time spent in this place.
 C = Inter-level travel time spent in this place.
 D = Time resting spent in this place.
 E = Time spent auto-exploring this place.
 F = Levels seen in this place.
 G = Mean time per level.
                   A        B        C        D        E       F      G
               +--------+--------+--------+--------+--------+-----+--------+
         Total |   1543 |   1513 |     30 |     25 |   1310 |   2 |  771.5 |
       Dungeon |   1543 |   1513 |     30 |     25 |   1310 |   2 |  771.5 |
               +--------+--------+--------+--------+--------+-----+--------+

Top non-repeatable levels by time:
     D:1: 1514 daAuts
     D:2: 28 daAuts
